 Dungeon Crawl Stone Soup version 0.25.1-8-g42b30a86e7 (webtiles) character file.

Game seed: 1540701787007079617

173 Gabide the Skirmisher (level 5, -5/42 HPs)
             Began as a Human Abyssal Knight on Dec 1, 2020.
             Was a Believer of Lugonu.
             Killed by divine providence
             ... invoked by an orc priest
              (16 damage)
             ... on level 4 of the Dungeon.
             The game lasted 00:07:31 (3937 turns).

Gabide the Skirmisher (Human Abyssal Knight)        Turns: 3937, Time: 00:07:31

Health: -5/42      AC:  6    Str: 13    XL:     5   Next: 83%
Magic:  4/6        EV: 11    Int: 13    God:    Lugonu [**....]
Gold:   26         SH:  0    Dex: 12    Spells: 4/4 levels left

rFire    . . .     SeeInvis .   a - +1 spear
rCold    . . .     Gourm    .   (no shield)
rNeg     . . .     Faith    .   d - +0 ring mail
rPois    .         Spirit   .   e - +0 helmet
rElec    .         Reflect  .   (no cloak)
rCorr    .         Harm     .   (no gloves)
MR       .....                  (no boots)
Stlth    +.........             (no amulet)
HPRegen  0.14/turn              (no ring)
MPRegen  0.10/turn              (no ring)

@: no status effects
A: no striking features
a: Depart the Abyss, Bend Space, Renounce Religion


You were on level 4 of the Dungeon.
You worshipped Lugonu.
Lugonu was pleased with you.
You were hungry.

You visited 1 branch of the dungeon, and saw 4 of its levels.
You visited the Abyss 1 time.

You collected 135 gold pieces.
You spent 109 gold pieces at shops.

Inventory:

Hand Weapons
 a - a +1 spear (weapon)
 l - a +0 long sword
Missiles
 f - 7 datura-tipped darts
 h - 14 poisoned darts (quivered)
Armour
 d - a +0 ring mail (worn)
 e - a +0 helmet (worn)
Scrolls
 g - 2 scrolls of remove curse
Potions
 b - 2 potions of mutation
 i - a potion of flight
 j - 4 potions of curing
Comestibles
 c - 7 rations


   Skills:
 + Level 3.8 Fighting
 * Level 3.7 Polearms
 + Level 3.4 Armour
 * Level 1.8 Dodging
 + Level 2.0 Invocations


You had 4 spell levels left.
You didn't know any spells.
Your spell library contained the following spells:

 Spells                   Type           Power        Failure   Level  Hunger
 Ice Form                 Ice/Tmut       #.......     99%         4    #####..
 Metabolic Englaciation   Hex/Ice        #.........   100%        5    ######.
 Freezing Cloud           Conj/Ice/Air   #.........   100%        6    #######
 Ozocubu's Refrigeration  Ice            #.........   100%        6    #######
 Simulacrum               Ice/Necr       #.........   100%        6    #######


Dungeon Overview and Level Annotations

Branches:
Dungeon (4/15)
 Temple: D:4-7

Altars:
Fedhas
Kikubaaqudgha
Yredelemnul

Shops:
D:4 *


Message History

The orc wizard blinks!
You hit the orc priest but do no damage.
The orc priest is lightly wounded.
The orc priest completely misses you.
The orc wizard hits you with a +0 dagger.
* * * LOW HITPOINT WARNING * * *
The orc wizard gestures wildly while chanting.
The orc wizard blinks!
You feel better.
The bullfrog skeleton barely misses you.
The orc priest barely misses you.
The orc wizard hits you with a +0 dagger.
The bullfrog skeleton hits you.
* * * LOW HITPOINT WARNING * * *
You feel better.
The orc wizard hits you but does no damage.
Space bends around you!
You blink.
The orc priest calls down the wrath of Beogh upon you.
Beogh smites you!
You die...

#. .. .# .# .#
##################o##
......(.(.o§..((o§..####
################Zo..[....
# #.@.....### #
#.......<... #
##....?..### # ##.....##
##...## ##.## ##


You could see an orc priest, an orc wizard, an orc and a bullfrog skeleton.

Vanquished Creatures
  9 adders
  2 oozes
  A worm (D:3)
  3 dart slugs
  An orc (D:3)
  6 giant cockroaches
  12 goblins
  9 hobgoblins
  7 jackals (D:1)
  A ball python (D:3)
  12 bats
  3 frilled lizards (D:2)
  4 kobolds
  5 rats
75 creatures vanquished.

Notes
Turn   | Place    | Note
-------+----------+-------------------------------------------
     0 | Abyss:1  | Gabide the Human Abyssal Knight began the quest for the
                  | Orb.
     0 | Abyss:1  | Reached XP level 1. HP: 18/18 MP: 2/2
    24 | Abyss:1  | Found a corrupted altar of Lugonu.
    92 | Abyss:1  | Noticed an orange demon
    94 | D:1      | Escaped the Abyss
   109 | D:1      | Reached * piety under Lugonu
   259 | D:1      | Reached XP level 2. HP: 24/24 MP: 3/3
   495 | D:1      | Reached XP level 3. HP: 29/29 MP: 4/4
  1530 | D:2      | Reached XP level 4. HP: 36/36 MP: 5/5
  1812 | D:2      | Reached ** piety under Lugonu
  1825 | D:2      | Found a blossoming altar of Fedhas.
  1826 | D:2      | Found an ancient bone altar of Kikubaaqudgha.
  2113 | D:2      | Reached XP level 5. HP: 21/42 MP: 6/6
  2905 | D:3      | Found a basalt altar of Yredelemnul.
  3843 | D:4      | Found Doggotou's General Store.
  3849 | D:4      | Bought a potion of curing for 42 gold pieces
  3849 | D:4      | Bought 7 datura-tipped darts for 39 gold pieces
  3849 | D:4      | Bought a scroll of identify for 28 gold pieces
  3937 | D:4      | Killed from afar by an orc priest

Illustrated notes

Levels and vault maps discovered:
D:1:      matt_arrival_grand_opening, layout_basic
D:2:      layout_loops_ring, grunt_temple_overflow_growth_and_decay
D:3:      layout_loops_ring, lemuel_crystal_altar, first_ration, st_stairs_13
D:4:      layout_loops_ring, serial_shops, shop

Skill      XL: |  1  2  3  4 |
---------------+-------------+-----
Armour         | 3 |  3.4
Polearms       | 3 |  3.7
Fighting       | |  3.8
Dodging        | |  1.8
Invocations    | |  2.0

Action                   |  1- 3 |  4- 6 || total
-------------------------+-------+-------++-------
Melee: Spear             |   120 |   220 ||   340
Throw: Dart              |     2 |    22 ||    24
Invok: Depart the Abyss  |     1 |       ||     1
       Bend Space        |       |     3 ||     3
  Use: Scroll            |     4 |     4 ||     8
       Potion            |       |     2 ||     2
  Eat: Chunk             |     2 |     7 ||     9
Armor: Leather armour    |     5 |       ||     5
       Ring mail         |    34 |    67 ||   101
Dodge: Dodged            |    63 |   107 ||   170
